 Dungeon Crawl Stone Soup version 0.31-a0-435-g2c6fae2916 (webtiles) character file.

Game seed: 14141923442573476133

70 randomguy2701 the Gusty (level 4, -1/39 HPs)
             Began as an Ogre Air Elementalist on Aug 2, 2023.
             Slain by an adder (2 damage)
             ... on level 3 of the Dungeon.
             The game lasted 00:02:28 (2202 turns).

randomguy2701 the Gusty (Ogre Air Elementalist)     Turns: 2202, Time: 00:02:28

Health: -1/39      AC:  3    Str: 12    XL:     4   Next: 21%
Magic:  2/8        EV: 10    Int: 18    God:
Gold:   90         SH:  0    Dex:  9    Spells: 4/9 levels left

rFire   . . .        l - +0 club
rCold   . . .        (no shield)
rNeg    . . .        a - +0 robe
rPois   .            (helmet restricted)
rElec   .            (no cloak)
rCorr   .            (gloves unavailable)
SInv    .            (boots unavailable)
Will    .....        (no amulet)
Stlth   ++           (no ring)
HPRegen 0.26/turn    (no ring)
MPRegen 0.11/turn

%: no passive effects
@: no status effects
A: large, unfitting armour, tough skin 1
a: no special abilities


You were on level 3 of the Dungeon.
You visited 1 branch of the dungeon, and saw 3 of its levels.

You collected 90 gold pieces.

Inventory:

Hand Weapons
 l - a +0 club (weapon)
Armour
 a - a +0 robe (worn)
Scrolls
 c - 2 scrolls of teleportation {unknown}
 d - 2 scrolls of identify {unknown}
 i - a scroll of blinking {unknown}
 k - a scroll of silence {unknown}
 m - a scroll of torment {unknown}
 o - a scroll of revelation {unknown}
 p - a scroll of amnesia {unknown}
Potions
 b - a potion of magic
 e - a potion of enlightenment {unknown}
 f - a potion of degeneration {unknown}
 g - a potion of curing {unknown}
 h - 2 potions of resistance {unknown}
 j - a potion of lignification {unknown}
 n - a potion of heal wounds {unknown}
 q - a potion of cancellation {unknown}


   Skills:
 + Level 2.0 Dodging
 + Level 1.8 Stealth
 + Level 0.4 Unarmed Combat
 + Level 3.2 Spellcasting
 + Level 1.2 Conjurations
 + Level 3.4 Air Magic


You had 4 spell levels left.
You knew the following spells:

 Your Spells              Type           Power      Damage    Failure   Level
a - Shock                 Conj/Air       44%        1d5       6%          1
b - Airstrike             Air            7%         2d(2-18)  36%         4

Your spell library contained the following spells:

 Spells                   Type           Power      Damage    Failure   Level
 Static Discharge         Conj/Air       22%        2-3/arc   10%         2
 Swiftness                Air            15%        N/A       12%         3
 Iskenderun's Battlesphe  Conj           7%         2d6       95%         5
 Fireball                 Conj/Fire      2%         3d4       98%         5
 Conjure Ball Lightning   Conj/Air       5%         3x3d6     100%        6
 Orb of Destruction       Conj           3%         9d5       100%        7


Dungeon Overview and Level Annotations

Branches:
Dungeon (3/15)

Altars:
The Shining One


Innate Abilities, Weirdness & Mutations

You are too large for most types of armour.
You have tough skin. (AC +1)


Message History

Aiming: Shock (safe; 6% risk of failure)
Press: ? - help, Shift-Dir - straight line, f/p - adder
Aim: an adder (48% to hit)
The zap misses the adder.
The adder bites you.
Casting: Shock (safe; 6% risk of failure)
Confirm with . or Enter, or press ? or * to list all spells.
Aiming: Shock (safe; 6% risk of failure)
Press: ? - help, Shift-Dir - straight line, f/p - adder
Aim: an adder (48% to hit)
The zap misses the adder.
The adder barely misses you.
You are too injured to fight recklessly!
You closely miss the adder. The adder closely misses you.
The adder bites you but does no damage.
You closely miss the adder. The adder bites you.
You are poisoned.
The adder poisons you! The adder barely misses you.
You hit the adder.
The adder is moderately wounded.
You feel sick. The adder bites you but does no damage.
You hit the adder.
The adder is severely wounded.
You feel sick. The adder bites you.
* * * LOW HITPOINT WARNING * * *
The adder bites you.
* * * LOW HITPOINT WARNING * * *
You miss the adder.
The adder is severely wounded.
You feel sick.
You are no longer poisoned.
The adder closely misses you. The adder bites you.
* * * LOW HITPOINT WARNING * * *
You barely miss the adder.
The adder is severely wounded.
The adder closely misses you.
You hit the adder.
The adder is almost dead.
The adder bites you.
* * * LOW HITPOINT WARNING * * *
The adder bites you.
You die...

.. ............#
............##+
...............
...............
.......#.........
.#####....#.........
...........##....... ......
.........S@##..............
...........##..............
..###......##...# ...#...<.
#...........+..........
..............##.........
..........................
...............####........
...........................
...........................


You could see an adder.

Vanquished Creatures
  2 adders (D:2)
  2 worms
  A dart slug (D:1)
  3 ball pythons
  5 endoplasms
  3 giant cockroaches
  2 goblins (D:2)
  4 hobgoblins
  A quokka (D:2)
  5 bats
  5 frilled lizards
  4 kobolds
  5 rats
42 creatures vanquished.

Notes
Turn   | Place    | Note
-------+----------+-------------------------------------------
     0 | D:1      | randomguy2701 the Ogre Air Elementalist began the quest for
                  | the Orb.
     0 | D:1      | Reached XP level 1. HP: 16/16 MP: 3/3
   393 | D:1      | Reached XP level 2. HP: 23/24 MP: 0/5
  1009 | D:2      | Reached XP level 3. HP: 31/31 MP: 2/6
  1382 | D:2      | Reached skill level 1 in Conjurations
  1535 | D:2      | Found a glowing golden altar of the Shining One.
  1835 | D:2      | Reached XP level 4. HP: 26/39 MP: 1/8
  1916 | D:2      | Learned a level 4 spell: Airstrike
  2202 | D:3      | HP: 1/39 [adder (3)]
  2202 | D:3      | Slain by an adder

Illustrated notes

Levels and vault maps discovered:
D:1:      evilmike_arrival_hilbert_curve, layout_basic
D:2:      layout_basic, basic_altar
D:3:      layout_basic

Skill      XL: |  1  2  3 |
---------------+----------+-----
Dodging        | 2 |  2.0
Air Magic      | 3 |  3.4
Conjurations   | 1 |  1.2
Spellcasting   | 3 |  3.2
Stealth        | |  1.8
Unarmed Combat | |  0.4

Action                     |  1- 3 |  4- 6 || total
---------------------------+-------+-------++-------
  Melee: Unarmed           |    30 |       ||    30
         Club              |    15 |    23 ||    38
   Cast: Shock             |    85 |    19 ||   104
 Armour: Robe              |    12 |     7 ||    19
  Dodge: Dodged            |    31 |    19 ||    50

Table legend: (Time is in decaauts)
 A = Elapsed time spent in this place.
 B = Non-inter-level travel time spent in this place.
 C = Inter-level travel time spent in this place.
 D = Time resting spent in this place.
 E = Time spent auto-exploring this place.
 F = Levels seen in this place.
 G = Mean time per level.
                   A        B        C        D        E       F      G
               +--------+--------+--------+--------+--------+-----+--------+
         Total |   2212 |   2162 |     50 |      0 |   1846 |   3 |  737.3 |
       Dungeon |   2212 |   2162 |     50 |      0 |   1846 |   3 |  737.3 |
               +--------+--------+--------+--------+--------+-----+--------+

Top non-repeatable levels by time:
     D:2: 1123 daAuts
     D:1: 836 daAuts
     D:3: 252 daAuts
